cohdb
Replays
Latest Replays
All Replays
Popular Replays
Top Player Replays
Match Explorer
How It Works
Community
CoH3 Stats
Reddit
Sign in to upload your games and track your stats! →
Sign in with Steam
Match 43180331
Unlisted
Match 43180331
Overview
Messages
Build Orders
End
Vickers Machine Gun Team
Construct Section Command Post
Selects Canadian Shock Battlegroup
Selects Canadian Shock Battlegroup
Dingo Light Scout Car
Dingo Light Scout Car
ML 3-inch Mortar Team
Construct Platoon Command Post
Selects Attacking Spirit
Selects Canadian Shock Section
Canadian Shock Section
Unlock M3 Stuart Light Tanks
M3 Stuart Light Tank
Selects Incendiary Munitions
Construct Field Infirmary
M3 Stuart Light Tank
Felisia_P
이동현
Benito Mussolini
Drew_Almost_Wins
JCav75
w0nder
0
0
Comments
sign in to comment!
No comments posted yet!